 Dungeon Crawl Stone Soup version 0.25.0-9-g26727b657a (webtiles) character file.

Game seed: 15936747282690041710

7853 HoaS the Grappler (level 11, -1/111 HPs)
             Began as a Gargoyle Berserker on June 17, 2020.
             Was a High Priest of Trog.
             Slain by Snorg (5 damage)
             ... on level 10 of the Dungeon.
             The game lasted 00:28:27 (10178 turns).

HoaS the Grappler (Gargoyle Berserker)             Turns: 10178, Time: 00:28:27

Health: -1/111     AC: 24    Str: 24    XL:     11   Next: 21%
Magic:  11/11      EV:  7    Int:  8    God:    Trog [*****.]
Gold:   618        SH:  5    Dex:  9    Spells: 10/10 levels left

rFire    + . .     SeeInvis .     - Unarmed
rCold    + . .     Gourm    .   (no shield)
rNeg     + . .     Faith    .   a - +0 plate armour
rPois    ∞         Spirit   .   m - +0 helmet
rElec    +         Reflect  +   j - +1 cloak
rCorr    .         Harm     .   (no gloves)
MR       .....                  i - +1 pair of boots
Stlth    ..........             h - amulet of reflection
HPRegen  0.28/turn              k - ring of protection from fire
MPRegen  0.12/turn              n - ring of protection from cold

@: berserking (expiring), very quick
A: negative energy resistance 1, electricity resistance, unbreathing,
petrification resistance, rot immunity, AC +8
a: Berserk, Trog's Hand, Brothers in Arms, Renounce Religion


You were on level 10 of the Dungeon.
You worshipped Trog.
Trog was extremely pleased with you.
You were very hungry.

You visited 1 branch of the dungeon, and saw 11 of its levels.

You collected 618 gold pieces.

Inventory:

Armour
 a - a +0 plate armour (worn)
 i - a +1 pair of boots (worn)
 j - a +1 cloak (worn)
 m - a +0 helmet (worn)
Jewellery
 d - a +6 ring of dexterity
 h - an amulet of reflection (around neck)
 k - a ring of protection from fire (left hand)
 n - a ring of protection from cold (right hand)
Wands
 c - a wand of random effects (16)
 q - a wand of iceblast (12)
Scrolls
 p - 8 scrolls of teleportation
 r - a scroll of identify
 s - a scroll of remove curse
 w - a scroll of fog
Potions
 e - 3 potions of flight
 f - 7 potions of curing
 g - 3 potions of haste
 l - 7 potions of heal wounds
 o - 2 potions of cancellation
 u - a potion of might
 z - a potion of stabbing {unknown}
Miscellaneous
 v - a tin of tremorstones (3/3)
Comestibles
 b - 19 rations
 t - 9 chunks of flesh


   Skills:
 + Level 11.1 Fighting
 - Level 2.1 Armour
 - Level 1.5 Dodging
 * Level 13.7 Unarmed Combat


You had 10 spell levels left.
You didn't know any spells.
Your spell library was empty.

Dungeon Overview and Level Annotations

Branches:
Dungeon (11/15)            Temple (0/1) D:6
   Lair: D:8-11         Orc: D:9-12

Altars:
Ashenzari
Gozag
Makhleb
Vehumet
Yredelemnul
Zin
The Shining One

Annotations:
D:10 Snorg


Innate Abilities, Weirdness & Mutations

You are resistant to torment.
Your stone body is resilient. (AC +8)
You are immune to poison.
You resist negative energy. (rN+)
You are resistant to electric shocks. (rElec)
You can survive without breathing.
You are immune to petrification.
You are immune to rotting.


Message History

You block Snorg's attack. Snorg claws you!
* * * LOW HITPOINT WARNING * * *
Snorg claws you!
* * * LOW HITPOINT WARNING * * *
You punch Snorg!
Snorg is heavily wounded.
The white imp gestures at you. The puff of frost hits you. You resist.
* * * LOW HITPOINT WARNING * * *
The white imp shouts, "Scamper home, thou simpering tardy-gaited snaffler!"
The white imp hits you but does no damage.
Your plate armour prevents you from hitting Snorg.
Snorg is heavily wounded.
Snorg bites you.
* * * LOW HITPOINT WARNING * * *
Snorg claws you but does no damage. Snorg barely misses you.
You completely miss Snorg.
Snorg is heavily wounded.
You block Snorg's attack. Snorg claws you.
You die...

#########################
...............5@.......#
.#######.......T.5......#
........................#
........................#
........................#
........................#
##'##....######'#..##...#
....#.##.'......#..##...#
....#.##.#......#.......#


You could see Snorg (berserk) and 2 white imps.

Vanquished Creatures
  Erica (D:8)
  A two-headed ogre (D:8)
  Urug (D:11)
  Pikel (D:7)
  A komodo dragon (D:6)
  3 hippogriffs
  A shadow (D:7)
  Sigmund (D:2)
  A hungry ghost (D:10)
  The ghost of shadizar the Skirmisher, an amateur GrFi (D:3)
  Duvessa (D:5)
  3 sky beasts
  A black bear (D:7)
  An ice beast (D:9)
  6 orc warriors
  A hornet zombie (D:10)
  4 slaves (D:7)
  A phantom (D:5)
  An ogre (D:8)
  A centaur (D:8)
  A big kobold (D:10)
  A gnoll sergeant (D:9)
  3 bullfrogs (D:6)
  Dowan (D:5)
  A scorpion (D:9)
  12 killer bees
  3 wights (D:8)
  4 crimson imps
  A centaur zombie (D:8)
  6 orc priests
  7 hounds
  Crazy Yiuf (D:2)
  9 orc wizards
  A bullfrog skeleton (D:5)
  2 iguanas (D:4)
  Natasha (D:1)
  Terence (D:2)
  11 worker ants
  2 hound zombies
  Robin (D:3)
  2 worker ant zombies
  5 gnolls (D:9)
  A howler monkey skeleton (D:5)
  8 adders
  4 shadow imps
  9 white imps
  An ooze (D:3)
  2 adder zombies
  2 adder skeletons (D:4)
  A worm (D:2)
  A dart slug (D:2)
  5 leopard geckos
  41 orcs
  7 giant cockroaches
  19 goblins
  11 hobgoblins
  8 jackals
  12 kobolds
  3 quokkas
  2 ball pythons
  2 bats
  7 frilled lizards
  2 jackal zombies
  2 leopard gecko skeletons
  A quokka zombie (D:5)
  10 rats
269 creatures vanquished.

Vanquished Creatures (others)
  A worker ant zombie (D:7)
1 creature vanquished.

Grand Total: 270 creatures vanquished

Notes
Turn   | Place    | Note
-------+----------+-------------------------------------------
     0 | D:1      | HoaS the Gargoyle Berserker began the quest for the Orb.
     0 | D:1      | Reached XP level 1. HP: 14/14 MP: 1/1
   252 | D:1      | Reached XP level 2. HP: 14/19 MP: 2/2
   745 | D:2      | Noticed Natasha
   891 | D:1      | Noticed a crimson imp
   898 | D:1      | Killed Natasha
   898 | D:1      | Reached skill level 4 in Unarmed Combat
   898 | D:1      | Reached XP level 3. HP: 12/24 MP: 3/3
  1104 | D:2      | Found an opulent altar of Gozag.
  1394 | D:2      | Noticed Sigmund
  1604 | D:2      | Killed Sigmund
  1604 | D:2      | Reached skill level 5 in Unarmed Combat
  1604 | D:2      | Reached XP level 4. HP: 15/30 MP: 4/4
  1604 | D:2      | Reached XP level 5. HP: 17/34 MP: 5/5
  1846 | D:2      | Reached ** piety under Trog
  1930 | D:2      | Reached XP level 6. HP: 39/40 MP: 6/6
  1992 | D:2      | Found a runed translucent door.
  1993 | D:2      | Noticed Crazy Yiuf
  2120 | D:2      | Noticed Terence
  2136 | D:2      | Killed Terence
  2136 | D:2      | Reached skill level 5 in Fighting
  2163 | D:2      | Found a burning altar of Makhleb.
  2333 | D:2      | Killed Crazy Yiuf
  2437 | D:3      | Noticed Robin
  2490 | D:3      | Reached skill level 6 in Unarmed Combat
  2496 | D:3      | Killed Robin
  2593 | D:3      | Found a transporter.
  2597 | D:3      | Noticed shadizar's ghost (amateur GrFi)
  2603 | D:3      | Found a transporter.
  3414 | D:3      | Found a glowing silver altar of Zin.
  3650 | D:3      | Killed shadizar's ghost
  3650 | D:3      | Reached *** piety under Trog
  3650 | D:3      | Reached XP level 7. HP: 45/45 MP: 7/7
  4000 | D:4      | Reached skill level 7 in Unarmed Combat
  4568 | D:5      | Entered Level 5 of the Dungeon
  4578 | D:5      | Noticed Dowan
  4582 | D:5      | Noticed Duvessa
  4605 | D:5      | Killed Duvessa
  4613 | D:5      | Killed Dowan
  4809 | D:5      | Reached XP level 8. HP: 45/52 MP: 8/8
  4844 | D:5      | Reached skill level 8 in Unarmed Combat
  5360 | D:5      | Found a basalt altar of Yredelemnul.
  5375 | D:5      | Found a shattered altar of Ashenzari.
  5430 | D:5      | Found a glowing golden altar of the Shining One.
  5569 | D:5      | Noticed an angel
  5706 | D:6      | Reached **** piety under Trog
  5737 | D:6      | Noticed a komodo dragon
  5749 | D:6      | Killed a komodo dragon
  5749 | D:6      | Reached skill level 9 in Unarmed Combat
  6198 | D:6      | Found a staircase to the Ecumenical Temple.
  6229 | D:6      | Reached XP level 9. HP: 54/59 MP: 9/9
  6697 | D:7      | Reached skill level 10 in Unarmed Combat
  6742 | D:7      | Noticed Pikel
  6785 | D:7      | Killed Pikel
  6785 | D:7      | Reached skill level 11 in Unarmed Combat
  7389 | D:7      | Found a radiant altar of Vehumet.
  7585 | D:8      | Reached XP level 10. HP: 65/66 MP: 10/10
  7772 | D:8      | Noticed Erica
  7786 | D:8      | Killed Erica
  7786 | D:8      | Reached skill level 12 in Unarmed Combat
  7947 | D:8      | Reached skill level 10 in Fighting
  8059 | D:8      | Noticed a two-headed ogre
  8069 | D:8      | Killed a two-headed ogre
  8654 | D:9      | Reached ***** piety under Trog
  8654 | D:9      | Reached skill level 13 in Unarmed Combat
  8980 | D:10     | Entered Level 10 of the Dungeon
  9207 | D:10     | Reached XP level 11. HP: 67/73 MP: 11/11
 10044 | D:11     | Noticed Urug
 10061 | D:11     | Killed Urug
 10136 | D:11     | Noticed Snorg
 10177 | D:10     | HP: 4/111 [Snorg (3)]
 10178 | D:10     | Slain by Snorg

Illustrated notes

Levels and vault maps discovered:
D:1:      zelgadis_glass_arrival_small, layout_basic
D:2:      layout_rooms, nicolae_overflow_hidden_temple, grunt_gozag_breadcrumbs,
          uniq_terence, uniq_sigmund, uniq_natasha, uniq_crazy_yiuf_cottage
D:3:      layout_basic, marbit_many_paths, gammafunk_ghost_arena, first_ration,
          uniq_robin
D:4:      layout_basic
D:5:      layout_basic, grunt_temple_overflow_holy_war, ashenzari_altar_1,
          uniq_duvessa
D:6:      layout_basic, minmay_temple_entry_offerings, roderic_lattice_a
D:7:      layout_rooms, kennysheep_mini_moat, minmay_misc_feat_chi, uniq_pikel
D:8:      layout_loops_ring, uniq_erica
D:9:      layout_basic
D:10:     layout_stronghold
D:11:     layout_cave_pools, erik_lair_orcish_takeover, serial_shops, shop,
          portal_ice_cave_entry_imps, uniq_urug, uniq_snorg, uniq_josephine

Skill      XL: |  1  2  3  4  5  6  7  8  9 10 11 |
---------------+----------------------------------+-----
Unarmed Combat | 4 5 6 7 9 11 13 | 13.7
Fighting       | 4 5 6 7 9 10 11 | 11.1
Armour         | |  2.1
Dodging        | |  1.5

Action                   |  1- 3 |  4- 6 |  7- 9 | 10-12 || total
-------------------------+-------+-------+-------+-------++-------
Melee: Unarmed           |   101 |   187 |   352 |   390 ||  1030
       Punch             |     2 |     3 |    10 |     8 ||    23
Invok: Berserk           |     2 |     2 |     1 |     4 ||     9
       Trog's Hand       |       |       |     2 |     1 ||     3
Evoke: Wand              |       |       |     2 |     3 ||     5
  Use: Scroll            |     1 |     4 |    16 |     2 ||    23
 Stab: Confused          |       |       |       |     1 ||     1
  Eat: Chunk             |     3 |     8 |    16 |    12 ||    39
Armor: Animal skin       |    19 |     9 |       |       ||    28
       Ring mail         |       |    50 |    18 |       ||    68
       Scale mail        |       |       |    45 |       ||    45
       Chain mail        |       |       |    59 |       ||    59
       Plate armour      |       |       |    12 |   244 ||   256
Dodge: Dodged            |    58 |    93 |    85 |   109 ||   345
Block: Other             |       |       |    49 |    80 ||   129
       Reflection        |       |       |     1 |     5 ||     6
